 Dungeon Crawl Stone Soup version 0.19-a0-1490-g5dd3618 (webtiles) character file.

25933 JustSomeDude the Spear-Bearer (level 12, -4/84 HPs)
             Began as a Demonspawn Fighter on Sept 6, 2016.
             Was the Champion of Hepliaklqana.
             Slain by a hill giant
             ... wielding a +0 giant spiked club
              (26 damage)
             ... on level 14 of the Dungeon on Sept 8, 2016.
             The game lasted 00:31:48 (10987 turns).

JustSomeDude the Spear-Bearer (Demonspawn Fighter) Turns: 10987, Time: 00:31:49

Health: -4/84      AC: 27    Str: 28    XL:     12   Next: 93%
Magic:  19/19      EV: 14    Int:  9    God:    Hepliaklqana [******]
Gold:   625        SH: 12    Dex: 13    Spells: 0 memorised, 11 levels left

rFire  + + .     SeeInvis .     G - +1 trident (protect)
rCold  + . .     Gourm    .     v - +1 scale mail of the Mantidfly {Regen+ Str+6} (curse)
rNeg   . . .     Faith    .     c - +0 shield
rPois  +         Spirit   .     (helmet unavailable)
rElec  +         Dismiss  .     M - +2 cloak
rCorr  +         Reflect  .     L - +1 pair of gloves
MR     .....     Harm     .     (no boots)
Stlth  ++........               m - amulet of regeneration
                                o - +5 ring of protection
                                D - ring of protection from fire

@: lethally poisoned (-4 -> -13), resistant
A: horns 3, molten scales 2, foul stench 1, nightstalker 1, rot immunity
a: Recall Ancestor, Ancestor Identity, Transference, Idealise, Renounce Religion


You were on level 14 of the Dungeon.
You worshipped Hepliaklqana.
Hepliaklqana was exalted by your worship.
You were very hungry.

You visited 1 branch of the dungeon, and saw 14 of its levels.

You collected 739 gold pieces.
You spent 114 gold pieces at shops.

Inventory:

Hand Weapons
 G - a +1 trident of protection (weapon)
Missiles
 F - 6 exploding tomahawks (quivered)
Armour
 c - a +0 shield (worn)
 v - the cursed +1 scale mail of the Mantidfly (worn) {Regen+ Str+6}
   (You found it on level 7 of the Dungeon)

   It affects your strength (+6).
   It increases your rate of regeneration.
   It has a curse placed upon it.
 L - a +1 pair of gloves (worn)
 M - a +2 cloak (worn)
 V - a +0 pair of boots
Jewellery
 e - an uncursed ring of poison resistance {unknown}
 m - an amulet of regeneration (around neck)
 o - a +5 ring of protection (right hand)
 s - a cursed -3 ring of evasion {unknown}
 D - a ring of protection from fire (left hand)
 S - an uncursed ring of magical power {unknown}
 U - an uncursed ring of resist corrosion {unknown}
 Y - a cursed -5 ring of slaying {unknown}
Wands
 t - a wand of polymorph (11/24)
 y - a wand of acid (9/15)
 Q - a wand of digging (4/24)
 R - a wand of slowing (29/48)
 T - a wand of flame (28/48)
Scrolls
 d - 7 scrolls of remove curse
 h - 8 scrolls of immolation
 i - 9 scrolls of identify
 k - 4 scrolls of fear
 p - 4 scrolls of enchant armour
 q - 6 scrolls of teleportation
 u - 5 scrolls of random uselessness
 x - 2 scrolls of fog
 C - 2 scrolls of recharging {unknown}
 H - a scroll of acquirement {unknown}
 J - a scroll of magic mapping {unknown}
 K - 2 scrolls of enchant weapon {unknown}
 N - 2 scrolls of vulnerability {unknown}
 W - a scroll of torment {unknown}
 X - a scroll of noise {unknown}
Potions
 a - a potion of magic
 b - a potion of resistance
 g - a potion of cure mutation
 n - a potion of mutation {unknown}
 r - 2 potions of cancellation {unknown}
 w - 2 potions of invisibility {unknown}
 z - 2 potions of heal wounds
 A - 3 potions of flight {unknown}
 B - a potion of agility {unknown}
 I - a potion of haste {unknown}
Books
 Z - a book of Necromancy

   Spells                             Type                      Level
   a - Pain                           Necromancy                   1
   b - Animate Skeleton               Necromancy                   1
   c - Vampiric Draining              Necromancy                   3
   d - Regeneration                   Charms/Necromancy            3
   e - Animate Dead                   Necromancy                   4
   f - Control Undead                 Necromancy                   4
Miscellaneous
 P - a box of beasts
Comestibles
 f - 9 bread rations
 j - 7 meat rations
 l - 4 beef jerkies
 E - 20 royal jellies
 O - a slice of pizza


   Skills:
 + Level 8.8 Fighting
 + Level 10.2 Polearms
 + Level 8.1 Armour
 + Level 8.0 Dodging
 + Level 2.1 Stealth
 + Level 9.4 Shields
 + Level 9.5 Invocations
 * Level 2.4 Evocations


You had 11 spell levels left.
You didn't know any spells.

Dungeon Overview and Level Annotations

Branches:
Dungeon (14/15)            Temple (0/1) D:7            Lair (0/6) D:8
    Orc (0/2) D:11
 Vaults: D:13-14

Altars:
Ashenzari
Dithmenos
Elyvilon
Gozag
Hepliaklqana
Kikubaaqudgha
Nemelex Xobeh
Okawaru
Uskayaw

Shops:
D:6 (?(((   D:7 [


Innate Abilities, Weirdness & Mutations

You have a pair of large horns on your head.
You are mostly covered in molten scales. (AC +3)
You may emit foul miasma when damaged in melee.
You are slightly more attuned to the shadows.
You are immune to rotting.


Message History

You closely miss the green ugly thing.
The green ugly thing is almost dead.
You feel very sick. The green ugly thing gores you.
You hit the green ugly thing. You headbutt the green ugly thing.
You kill the green ugly thing!
You feel very sick.
You impale the hill giant!!
The hill giant is moderately wounded.
You feel sick.
The hill giant hits you but does no damage.
You hit the hill giant.
The hill giant is moderately wounded.
You feel very sick.
You puncture the hill giant! Your headbutt misses the hill giant.
The hill giant is heavily wounded.
Ember spirit emerges from the mists of memory!
You feel sick.
The hill giant hits you with a giant spiked club!!
You die...

..# #.# #.# #.# #.# #R#
#@#.........# #.# #C#.........#
#.# #.#.........# ## #.#
#.#.........# .### #.#
#.#.........# ...###
#.###.#.........# . ##...###
#.#.....u.......###..
####...#####...##....R..........
.#####...#...##########u........


You could see the friendly Ember spirit the knight and a hill giant.

Vanquished Creatures
  Nessos (D:13)
  A hill giant (D:13)
  4 ugly things
  3 cyclopes
  A manticore (D:11)
  A shining eye (shapeshifter) (D:13)
  2 griffons (D:13)
  A kobold demonologist (D:13)
  A komodo dragon (D:13)
  A queen bee (D:13)
  3 trolls
  3 meliai (D:13)
  2 two-headed ogres
  A shadow (D:12)
  A wraith (D:10)
  Eustachio (D:4)
  2 wyverns (D:13)
  24 yaks
  3 vampire mosquitoes (D:12)
  A human (shapeshifter) (D:13)
  A hippogriff (D:9)
  A hungry ghost (D:10)
  Edmund (D:6)
  2 orc warriors
  A wasp (D:11)
  2 ice beasts (D:10)
  A sky beast (D:7)
  2 phantoms
  An eye of draining (D:12)
  A black bear (D:10)
  A necrophage (D:8)
  11 centaurs
  6 ogres
  A crocodile (D:8)
  Blork the orc (D:5)
  8 giant frogs
  A water moccasin zombie (D:11)
  4 scorpions
  22 killer bees
  An electric eel (D:10)
  15 wights
  2 howler monkeys
  2 crimson imps
  2 centaur zombies
  3 jellies
  6 orc priests
  2 giant frog zombies
  6 hounds
  A giant frog skeleton (D:5)
  12 orc wizards
  4 centaur skeletons
  2 iguanas
  5 worker ants
  A killer bee zombie (D:8)
  A hound skeleton (D:9)
  2 worker ant zombies
  A howler monkey skeleton (D:9)
  11 adders
  2 shadow imps
  6 oozes
  4 worms
  3 dart slugs
  5 giant geckos
  43 orcs
  2 ball pythons
  9 giant cockroaches
  3 goblins
  6 hobgoblins
  9 jackals
  4 quokkas
  13 bats
  A giant gecko skeleton (D:6)
  6 giant newts
  9 kobolds
  6 rats
  A fungus (D:8)
336 creatures vanquished.

Vanquished Creatures (collateral kills)
  The ghost of Pikaro the Bludgeoner, a journeyman GrFi of Hepliaklqana (D:11)
  A cyclops (D:11)
  A deep elf mage (D:13)
  An ugly thing (D:13)
  Grinder (D:4)
  Sigmund (D:4)
  5 yaks
  A hungry ghost (D:11)
  A vampire mosquito (D:12)
  5 ice beasts
  3 orc warriors
  A wasp (D:12)
  A phantom (D:10)
  2 ogres
  3 centaurs
  3 giant frogs
  2 scorpions
  7 killer bees
  2 wights (D:13)
  2 electric eels
  A quasit (D:7)
  2 jellies (D:8)
  A giant frog zombie (D:10)
  2 orc priests
  An orc wizard (D:8)
  3 worker ants
  A hound zombie (D:5)
  A hound skeleton (D:6)
  A worker ant zombie (D:11)
  3 adders
  2 shadow imps
  3 giant geckos
  7 orcs
  2 goblins
  2 hobgoblins
  6 jackals
  A kobold (D:2)
  3 quokkas
86 creatures vanquished.

Vanquished Creatures (others)
  9 knights
  An ancestor (D:3)
10 creatures vanquished.

Grand Total: 432 creatures vanquished

Notes
Turn   | Place    | Note
-------+----------+-------------------------------------------
     0 | D:1      | JustSomeDude the Demonspawn Fighter began the quest for the Orb.
     0 | D:1      | Reached XP level 1. HP: 18/18 MP: 1/1
   142 | D:1      | Gained mutation: You have a pair of small horns on your head. [demonic ancestry]
   142 | D:1      | Reached XP level 2. HP: 24/24 MP: 2/2
   507 | D:1      | Reached skill level 2 in Polearms
  1055 | D:2      | Found a hazy altar of Hepliaklqana.
  1083 | D:2      | Reached XP level 3. HP: 27/29 MP: 3/3
  1110 | D:2      | Became a worshipper of Hepliaklqana
  1328 | D:2      | Reached * piety under Hepliaklqana
  1791 | D:2      | Gained mutation: You are partially covered in molten scales. (AC +2) [demonic ancestry]
  1791 | D:2      | Reached XP level 4. HP: 32/32 MP: 4/4
  2065 | D:3      | Gained mutation: You have a pair of horns on your head. [demonic ancestry]
  2065 | D:3      | Reached XP level 5. HP: 17/37 MP: 5/5
  2161 | D:3      | Upgraded the game from 0.19-a0-1457-g32fba05 to 0.19-a0-1468-ge013c26
  2208 | D:3      | Found an iron altar of Okawaru.
  2431 | D:3      | Reached ** piety under Hepliaklqana
  2432 | D:3      | Remembered your ancestor Ember spirit as a knight
  2726 | D:4      | Noticed Sigmund
  2734 | D:4      | Killed Sigmund
  2734 | D:4      | Reached skill level 3 in Polearms
  2734 | D:4      | Reached skill level 1 in Dodging
  2734 | D:4      | Gained mutation: You are immune to rotting. [demonic ancestry]
  2734 | D:4      | Reached XP level 6. HP: 42/43 MP: 6/6
  2760 | D:4      | Noticed Eustachio
  2811 | D:4      | Killed Eustachio
  2811 | D:4      | Reached XP level 7. HP: 36/49 MP: 7/7
  2907 | D:4      | Found a shadowy altar of Dithmenos.
  2930 | D:4      | Reached skill level 4 in Polearms
  3282 | D:4      | Reached *** piety under Hepliaklqana
  3300 | D:4      | Noticed Grinder
  3325 | D:4      | Killed Grinder
  3325 | D:4      | Gained mutation: You have a pair of large horns on your head. [demonic ancestry]
  3325 | D:4      | Reached XP level 8. HP: 18/54 MP: 8/8
  3376 | D:5      | Entered Level 5 of the Dungeon
  3389 | D:5      | Noticed Blork the orc
  3400 | D:5      | Killed Blork the orc
  3486 | D:5      | Reached skill level 5 in Polearms
  3689 | D:5      | Reached skill level 5 in Fighting
  3728 | D:5      | Reached skill level 1 in Stealth
  3728 | D:5      | Reached skill level 5 in Shields
  3746 | D:5      | Reached skill level 5 in Armour
  3886 | D:5      | Found a shattered altar of Ashenzari.
  4165 | D:6      | Found Ixkeg's Weapon Shoppe.
  4212 | D:6      | Found Liutistri's Magic Scroll Emporium.
  4218 | D:6      | Bought a scroll of enchant armour for 90 gold pieces
  4218 | D:6      | Bought a scroll of identify for 24 gold pieces
  4227 | D:6      | Noticed Edmund
  4245 | D:6      | Killed Edmund
  4264 | D:6      | Reached **** piety under Hepliaklqana
  4272 | D:6      | Found Zebaodoc's Weapon Shop.
  4364 | D:6      | Reached XP level 9. HP: 55/61 MP: 9/9
  4397 | D:6      | Found Votutyok's Antique Weapon Shop.
  4714 | D:6      | Found a sparkling altar of Nemelex Xobeh.
  4722 | D:6      | Reached skill level 6 in Polearms
  4913 | D:6      | Found Piposh's Antique Weapon Shoppe.
  4940 | D:7      | Found a staircase to the Ecumenical Temple.
  5189 | D:7      | Reached ***** piety under Hepliaklqana
  5495 | D:7      | Got a faintly humming scale mail
  5506 | D:7      | Identified the cursed +1 scale mail of the Mantidfly {Regen+ Str+6} (You found it on level 7 of the Dungeon)
  5705 | D:7      | Found Kibb's Antique Armour Shop.
  5905 | D:8      | Found a staircase to the Lair.
  6051 | D:8      | Reached skill level 7 in Polearms
  6060 | D:8      | Reached skill level 5 in Dodging
  6076 | D:8      | Gained mutation: You may emit foul miasma when damaged in melee. [demonic ancestry]
  6076 | D:8      | Reached XP level 10. HP: 56/68 MP: 10/10
  6284 | D:8      | Found a white marble altar of Elyvilon.
  6310 | D:8      | Found an ancient bone altar of Kikubaaqudgha.
  6321 | D:8      | You fall through a shaft for 2 floors!
  6321 | D:10     | Entered Level 10 of the Dungeon
  6393 | D:10     | Reached skill level 1 in Invocations
  6399 | D:10     | Reached skill level 8 in Polearms
  6664 | D:9      | Found a hide-covered altar of Uskayaw.
  6893 | D:9      | Gained mutation: You are mostly covered in molten scales. (AC +3) [demonic ancestry]
  6893 | D:9      | Reached XP level 11. HP: 47/75 MP: 14/14
  7353 | D:8      | Reached skill level 5 in Invocations
  7641 | D:9      | Reached ****** piety under Hepliaklqana
  7820 | D:9      | Found an opulent altar of Gozag.
  8482 | D:11     | Found a staircase to the Orcish Mines.
  8528 | D:11     | Noticed a cyan ugly thing
  8537 | D:11     | Killed a cyan ugly thing
  8544 | D:11     | Gained mutation: You are robust. (+10% HP) [mutagenic meat]
  8550 | D:11     | Gained mutation: You evolve. [mutagenic meat]
  8628 | D:11     | Noticed Pikaro's ghost (journeyman GrFi)
  8646 | D:11     | Killed Pikaro's ghost
  8706 | D:11     | Reached skill level 9 in Polearms
  9333 | D:12     | Gained mutation: You are slightly more attuned to the shadows. [demonic ancestry]
  9333 | D:12     | Reached XP level 12. HP: 84/92 MP: 17/17
  9830 | D:13     | Gained mutation: You possess an exceptional clarity of mind. [evolution]
 10500 | D:13     | Reached skill level 10 in Polearms
 10515 | D:13     | Reached skill level 1 in Evocations
 10620 | D:13     | Noticed Nessos
 10636 | D:13     | Killed Nessos
 10666 | D:13     | Upgraded the game from 0.19-a0-1468-ge013c26 to 0.19-a0-1490-g5dd3618
 10787 | D:13     | Gained mutation: Your body sometimes deteriorates upon taking damage. [a shining eye]
 10970 | D:14     | Lost mutation: You are robust. (+10% HP) [potion of cure mutation]
 10970 | D:14     | Lost mutation: Your body sometimes deteriorates upon taking damage. [potion of cure mutation]
 10970 | D:14     | Lost mutation: You evolve. [potion of cure mutation]
 10970 | D:14     | Lost mutation: You possess an exceptional clarity of mind. [potion of cure mutation]
 10987 | D:14     | Slain by a hill giant

Vault maps used:
D:1:      scummos_arrival_simple_fountains
D:2:      marbit_many_paths
D:3:      okawaru_altar_gauntlet_db, first_bread
D:4:      grunt_dithmenos_shadows, uniq_sigmund, uniq_grinder, uniq_eustachio
D:5:      ashenzari_altar_1, uniq_blork_the_orc
D:6:      nemelex_xobeh_ov_fountains_minmay, serial_shops, shop_scrolls,
          kennysheep_mini_moat, shop, kennysheep_mini, shop, uniq_edmund
D:7:      serial_shops, shop
D:8:      argonaut_augean_stables, nicolae_overflow_hidden_temple,
          lemuel_crystal_altar, dpeg_oklobed_lair,
          hangedman_little_slice_of_home
D:9:      lemuel_coloured_pillars_altar, kennysheep_little_box
D:10:     minmay_twisted_water
D:11:     orc_0_dummy
D:13:     minmay_blocky_corners, special_room, uniq_nessos
D:14:     grunt_vaults_entry_fortified, nicolae_benzene_ring, enter_trove_5,
          minmay_unpleasant_kobolds

Skill      XL: |  1  2  3  4  5  6  7  8  9 10 11 12 |
---------------+-------------------------------------+-----
Shields        | 3 4 5 6 7 8 9 |  9.4
Polearms       | 2 3 4 5 7 8 9 10 | 10.2
Armour         | 3 4 5 6 7 8 |  8.1
Fighting       | 4 5 6 7 8 |  8.8
Dodging        | 1 2 4 5 6 8 |  8.0
Stealth        | 1 2 |  2.1
Invocations    | 4 7 9 |  9.5
Evocations     | 2 |  2.4

Action                   |  1- 3 |  4- 6 |  7- 9 | 10-12 || total
-------------------------+-------+-------+-------+-------++-------
Melee: Trident           |    99 |   164 |   342 |  1018 ||  1623
       Headbutt          |    12 |    16 |    64 |   243 ||   335
       Unarmed           |       |       |     6 |       ||     6
Throw: Tomahawk          |       |       |       |     1 ||     1
Invok: Ancestor Identity |     1 |       |       |     1 ||     2
       Ancestor Life: Kn |       |     1 |       |       ||     1
       Idealise          |       |       |       |     2 ||     2
  Use: Potion            |       |     2 |       |     7 ||     9
       Scroll            |       |       |     1 |     7 ||     8
 Stab: Distracted        |       |       |       |     2 ||     2
       Sleeping          |       |       |       |     1 ||     1
  Eat: Chunk             |     2 |     4 |    10 |    20 ||    36
       Beef jerky        |       |       |     1 |       ||     1
       Bread ration      |       |       |       |     1 ||     1
Armor: Scale mail        |    24 |    62 |    79 |   294 ||   459
Dodge: Dodged            |    19 |    33 |    85 |   355 ||   492
Block: Shield            |    31 |    61 |   123 |   455 ||   670
